 Dungeon Crawl Stone Soup version 0.31-a0-1405-g2bb1a01664 (webtiles) character file.

Game seed: 7358155787474155652

361 browni3141 the Changeling (level 6, -7/44 (46) HPs)
             Began as a Formicid Shapeshifter on Dec 25, 2023.
             Mangled by Menkaure (18 damage)
             ... on level 5 of the Dungeon.
             The game lasted 00:04:16 (4083 turns).

browni3141 the Changeling (Formicid Shapeshifter)   Turns: 4083, Time: 00:04:17

HP:   -7/44 (46)    AC:  7    Str: 20    XL:     6   Next: 98%
MP:   6/6           EV: 10    Int: 10    God:
Gold: 322           SH:  0    Dex: 13    Spells: 5/5 levels left

rFire   . .          .
                       - Unarmed
rCold   . . .        (no shield)
rNeg    . . .        o - +1 scale mail {rPois}
rPois   +            (helmet unavailable)
rElec   .            (cloak currently unavailable)
rCorr   .            (gloves currently unavailable)
SInv    +            (boots currently unavailable)
Will    .....        m - amulet of magic regeneration
Stlth   +            (no ring)
HPRegen 0.27/turn    (no ring)
MPRegen 0.50/turn

%: no passive effects
@: beast-form, lightly drained
A: beast (slay +2), permanent stasis, dig shafts and tunnels, antennae 3, four
strong arms
a: Dig, Shaft Self, Begin Untransformation


You were on level 5 of the Dungeon.
You were a hulking beast.
You visited 1 branch of the dungeon, and saw 5 of its levels.

You collected 322 gold pieces.

Inventory:

Hand Weapons
 p - a +2 whip of venom
Armour
 a - a +0 animal skin
 o - a +1 scale mail of poison resistance (worn)
 t - a +0 pair of gloves
 y - a +0 pair of boots
Jewellery
 m - an amulet of magic regeneration (around neck)
Talismans
 c - a beast talisman
 d - a flux talisman
Scrolls
 e - 2 scrolls of identify {unknown}
 i - a scroll of poison {unknown}
 j - a scroll of amnesia {unknown}
 k - 5 scrolls of teleportation {unknown}
 n - a scroll of noise {unknown}
 u - a scroll of fog {unknown}
 w - a scroll of immolation {unknown}
 x - 2 scrolls of blinking {unknown}
 A - a scroll of enchant weapon {unknown}
Potions
 b - a potion of lignification
 f - a potion of degeneration {unknown}
 g - 4 potions of curing {unknown}
 h - 2 potions of might {unknown}
 l - 2 potions of resistance {unknown}
 q - a potion of brilliance {unknown}
 r - 2 potions of invisibility {unknown}
 s - a potion of enlightenment {unknown}
 v - a potion of heal wounds {unknown}
 z - a potion of mutation {unknown}


   Skills:
 + Level 2.9 Fighting
 + Level 1.8 Armour
 - Level 1.7 Dodging
 - Level 3.0 Stealth
 * Level 4.7 Unarmed Combat
 * Level 4.8 Shapeshifting


You had 5 spell levels left.
You didn't know any spells.
Your spell library contained the following spells:

 Spells                   Type           Power      Damage    Failure   Level
 Apportation              Tloc           0%         N/A       73%         1
 Freeze                   Ice            0%         1d3       73%         1
 Necrotise                Necr           0%         1d4       73%         1
 Sting                    Conj/Alch      0%         1d3       73%         1
 Summon Small Mammal      Summ           0%         N/A       73%         1
 Frozen Ramparts          Ice            0%         1d1       97%         3
 Gell's Gravitas          Tloc           0%         N/A       97%         3
 Hailstorm                Conj/Ice       0%         3d5       97%         3
 Ozocubu's Armour         Ice            0%         N/A       97%         3
 Teleport Other           Tloc           0%         N/A       97%         3
 Metabolic Englaciation   Hex/Ice        0%         N/A       100%        5
 Dispersal                Tloc           0%         N/A       100%        6
 Simulacrum               Ice/Necr       0%         N/A       100%        6


Dungeon Overview and Level Annotations

Branches:
Dungeon (5/15)
 Temple: D:4-7

Altars:
Okawaru

Annotations:
D:2 exclusion: door
D:5 Menkaure


Innate Abilities, Weirdness & Mutations

You are a hulking beast.
Your limbs bulge with bestial killing power. (Slay +2)
You cannot be hasted, slowed, berserked, paralysed or teleported.
You can dig through walls and to a lower floor.
You have a pair of large antennae on your head. (SInv)
Your four strong arms can wield two-handed weapons with a shield.


Message History

An adder comes into view.
The adder hisses angrily.
An adder is nearby!
An adder is nearby!
An adder is nearby!
An adder is nearby!
Found 31 gold pieces.
You closely miss the adder. The adder bites you but does no damage.
You punch the adder!
The adder is severely wounded.
The adder barely misses you.
You closely miss the adder.
The adder is severely wounded.
The adder bites you but does no damage. The adder closely misses you.
You hit the adder but do no damage.
The adder is severely wounded.
The adder bites you but does no damage.
You hit the adder.
You kill the adder!
No target in view!
Menkaure, Prince of Dust comes into view.
Menkaure shouts!
Menkaure is nearby!
Menkaure is nearby!
Menkaure is nearby!
You extend your mandibles.
You dig through the rock wall.
You feel drained.
You dig through the rock wall.
You feel drained.
You retract your mandibles.
You barely miss Menkaure.
Menkaure rustles, "It doesn't hurt if you pull your brain out of your nose yourself."
Menkaure hits you!!
You hit Menkaure but do no damage. You barely miss Menkaure. Menkaure hits you!
* * * LOW HITPOINT WARNING * * *
You are too injured to fight recklessly!
You are too injured to fight recklessly!
You hit Menkaure.
Menkaure is lightly damaged.
Menkaure hits you!!
You die...

#....M.... ##......... #.....#
##...### ##...## ##>..##
####...### #......#M## #.#
#....M..#h# #.# ######...##
#..# #.# ###..## #..# #.##
##..## #..# ##..# ##..###..##
#...# ##..#....###...# #
####### #.............#
#####.....### ##..........###
.......)....#######)......<###


You could see Menkaure.

Vanquished Creatures
  A jelly (D:4)
  2 orc priests
  2 iguanas (D:5)
  An orc wizard (D:4)
  9 adders
  3 worms
  3 dart slugs
  15 orcs
  7 ball pythons
  9 bats
  10 endoplasms
  4 giant cockroaches
  3 hobgoblins
  3 quokkas
  4 frilled lizards
  7 goblins
  6 kobolds
  6 rats
95 creatures vanquished.

Notes
Turn   | Place    | Note
-------+----------+-------------------------------------------
     0 | D:1      | browni3141 the Formicid Shapeshifter began the quest for
                  | the Orb.
     0 | D:1      | Reached XP level 1. HP: 15/15 MP: 1/1
    36 | D:1      | Reached skill level 1 in Stealth
    45 | D:1      | Reached XP level 2. HP: 8/21 MP: 2/2
   269 | D:1      | Reached XP level 3. HP: 26/26 MP: 3/3
  1056 | D:2      | Reached XP level 4. HP: 32/32 MP: 4/4
  1527 | D:3      | Reached XP level 5. HP: 38/38 MP: 5/5
  2074 | D:3      | Found a faded altar of an unknown god.
  2082 | D:3      | Reached skill level 1 in Armour
  2381 | D:4      | Reached XP level 6. HP: 6/46 MP: 6/6
  2533 | D:4      | Identified the +0 robe "Kagekh" {rPois}
  2878 | D:4      | Found an iron altar of Okawaru.
  3640 | D:5      | Entered Level 5 of the Dungeon
  4059 | D:5      | Noticed Menkaure
  4083 | D:5      | Mangled by Menkaure

Illustrated notes

Levels and vault maps discovered:
D:1:      scummos_arrival_hexagon, layout_rooms
D:2:      layout_basic
D:3:      layout_loops_ring, shapermc_ecumenical_altar_pompeii,
          minmay_misc_feat_ornament, nicolae_figureground_sparkle
D:4:      layout_basic, okawaru_trees_2, serial_corexii_hall,
          corexii_hall_statues_x, corexii_hall_statues_deadend,
          corexii_hall_statues_l, chequers_hall_statues_wall_a,
          chequers_hall_statues_corner_a, corexii_hall_statues_x,
          grunt_decor_junction
D:5:      layout_layer_cave, minmay_manual_mess, uniq_menkaure

Skill      XL: |  1  2  3  4  5 |
---------------+----------------+-----
Stealth        | 1 2 3 |  3.0
Fighting       | 2 |  2.9
Shapeshifting  | 4 |  4.8
Unarmed Combat | 4 |  4.7
Armour         | 1 |  1.8
Dodging        | |  1.7

Action                     |  1- 3 |  4- 6 || total
---------------------------+-------+-------++-------
  Melee: Unarmed           |    84 |   208 ||   292
         Punch             |       |     3 ||     3
Ability: Dig               |       |     1 ||     1
   Stab: Sleeping          |     5 |     2 ||     7
         Distracted        |       |     1 ||     1
 Armour: Animal skin       |    28 |    18 ||    46
         Scale mail        |       |    76 ||    76
  Dodge: Dodged            |    39 |    96 ||   135

Table legend: (Time is in decaauts)
 A = Elapsed time spent in this place.
 B = Non-inter-level travel time spent in this place.
 C = Inter-level travel time spent in this place.
 D = Time resting spent in this place.
 E = Time spent auto-exploring this place.
 F = Levels seen in this place.
 G = Mean time per level.
                   A        B        C        D        E       F      G
               +--------+--------+--------+--------+--------+-----+--------+
         Total |   4061 |   3878 |    183 |    181 |   2942 |   5 |  812.2 |
       Dungeon |   4061 |   3878 |    183 |    181 |   2942 |   5 |  812.2 |
               +--------+--------+--------+--------+--------+-----+--------+

Top non-repeatable levels by time:
     D:4: 1262 daAuts
     D:2: 908 daAuts
     D:3: 890 daAuts
     D:1: 559 daAuts
     D:5: 440 daAuts
